 Dungeon Crawl Stone Soup version 0.29.0-4-gdea44cf6ec (webtiles) character file.

Game seed: 13757611942132139773

130 qw the Sneak (level 5, -3/32 HPs)
             Began as a Gargoyle Delver on Sept 10, 2022.
             Was a Follower of Okawaru.
             Slain by an iguana (7 damage)
             ... on level 5 of the Dungeon.
             The game lasted 00:00:12 (938 turns).

qw the Sneak (Gargoyle Delver)                       Turns: 938, Time: 00:00:12

Health: -3/32      AC:  7    Str: 18    XL:     5   Next: 14%
Magic:  5/6        EV: 13    Int: 10    God:    Okawaru [*.....]
Gold:   46         SH:  0    Dex: 11    Spells: 4/4 levels left

rFire   . . .      SeeInvis .   a - +0 hand axe
rCold   . . .      Faith    .   (no shield)
rNeg    + . .      Spirit   .   b - +0 leather armour
rPois   inf        Reflect  .   (no helmet)
rElec   +          Harm     .   (no cloak)
rCorr   .          Rampage  .   (no gloves)
Will    .....                   (no boots)
Stlth   ++++......              (no amulet)
HPRegen 0.10/turn               (no ring)
MPRegen 0.10/turn               (no ring)

@: heroic
A: sickness immunity, AC +4, negative energy resistance 1, electricity
resistance, torment resistance 1, petrification resistance
a: Renounce Religion, Heroism


You were on level 5 of the Dungeon.
You worshipped Okawaru.
Okawaru was aware of your devotion.
You visited 2 branches of the dungeon, and saw 2 of its levels.

You collected 46 gold pieces.


Innate Abilities, Weirdness & Mutations

You are immune to sickness and miasma.
Your stone body is resilient. (AC +4)
You are immune to poison.
You resist negative energy. (rN+)
You are resistant to electric shocks. (rElec)
You are resistant to unholy torment.
You are immune to petrification.


   Skills:
 - Level 3.2(8.2) Fighting
 + Level 4.4(9.4) Axes
 - Level 1.5(6.5) Dodging
 - Level 5.4(10.4) Stealth
 + Level 1.6 Invocations


You had 4 spell levels left.
You didn't know any spells.
Your spell library was empty.

Inventory:

Hand Weapons
 a - a +0 hand axe (weapon)
Armour
 b - a +0 leather armour (worn)
Wands
 g - a wand of digging (3)
Scrolls
 c - a scroll of identify {unknown}
 d - a scroll of immolation {unknown}
Potions
 f - a potion of haste

Dungeon Overview and Level Annotations

Branches:
Dungeon (5/15)             Temple (1/1) D:5

Altars:
Ashenzari
Cheibriados
Fedhas
Gozag
Hepliaklqana
Kikubaaqudgha
Okawaru
Qazlal
Ru
Sif Muna
Wu Jian
Xom
The Shining One


Message History

The iguana is lightly wounded.
The iguana barely misses you.
You barely miss the iguana.
The iguana is lightly wounded.
The iguana bites you but does no damage.
You hit the iguana but do no damage.
The iguana is lightly wounded.
The iguana closely misses you.
930 ||| Stepping ~*~*~tactically~*~*~ (stealth).
The iguana attacks as you move away!
The iguana bites you but does no damage.
You slash the iguana! Your punch misses the iguana.
The iguana is heavily wounded.
The iguana barely misses you.
You closely miss the iguana.
The iguana is heavily wounded.
An orc comes into view.
It is wielding a +0 war axe and quivering silver boomerangs.
The iguana bites you!
The orc shouts!
You hit the iguana but do no damage.
The iguana is heavily wounded.
You hear a shout!
You hear an angry hiss.
You hear a shout!
You hit the iguana but do no damage.
The iguana is heavily wounded.
You hear a shout!
The iguana bites you but does no damage.
You hear a shout! x2
You hit the iguana but do no damage.
The iguana is heavily wounded.
The iguana misses you.
You slash the iguana!
The iguana is almost dead.
The iguana bites you but does no damage.
You hit the iguana but do no damage.
The iguana is almost dead.
The iguana barely misses you.
You closely miss the iguana.
The iguana is almost dead.
The iguana bites you!
You die...

#####
#...o###################
+...ool@................
#...o##############...##
#.... #...# #.o.. #...#
#.... ##### #...o .....
######


You could see an iguana and 4 orcs.

Vanquished Creatures
  A phantom (D:5)
  An iguana (D:5)
  A jelly (D:5)
3 creatures vanquished.

Notes
Turn   | Place    | Note
-------+----------+-------------------------------------------
     0 | D:5      | qw the Gargoyle Delver began the quest for the Orb.
     0 | D:5      | Reached XP level 1. HP: 14/14 MP: 1/1
     0 | D:5      | 0 ||| qw: Version: 0.1-a-116-g5d60599
     0 | D:5      | 0 ||| qw: Game counter: 8290
     0 | D:5      | 0 ||| qw: Always use a shield: true
     0 | D:5      | 0 ||| qw: God list: Okawaru
     0 | D:5      | 0 ||| qw: Allow faded altars: false
     0 | D:5      | 0 ||| qw: Do Orc after D:15 true
     0 | D:5      | 0 ||| qw: Do second Lair branch before Depths: true
     0 | D:5      | 0 ||| qw: Lair rune preference: random
     0 | D:5      | 0 ||| qw: Plans: Normal
     0 | D:5      | 0 ||| PLANNING D:1-11
     9 | D:5      | Found a staircase to the Ecumenical Temple.
    10 | D:5      | 10 ||| PLANNING TEMPLE
    10 | D:5      | 10 ||| DROPPING scroll of fog.
    11 | D:5      | 11 ||| DROPPING scroll of magic mapping.
    12 | D:5      | 12 ||| DROPPING scroll of fear.
    20 | Temple   | Entered the Ecumenical Temple
    90 | Temple   | 90 ||| PLANNING D:1-11
   125 | Temple   | Became a worshipper of Warmaster Okawaru
   153 | D:5      | Noticed a phantom
   171 | D:5      | Killed a phantom
   171 | D:5      | Reached * piety under Okawaru
   172 | D:5      | Reached XP level 2. HP: 6/19 MP: 2/2
   172 | D:5      | Reached XP level 3. HP: 8/23 MP: 3/3
   172 | D:5      | Reached XP level 4. HP: 10/28 MP: 4/4
   392 | D:5      | 392 ||| INVOKING Heroism.
   403 | D:5      | 403 ||| INVOKING Heroism.
   405 | D:5      | HP: 7/28 [iguana (7)]
   406 | D:5      | HP: 1/28 [iguana (7)]
   408 | D:5      | Reached skill level 1 in Invocations
   766 | D:5      | 766 ||| INVOKING Heroism.
   777 | D:5      | Reached XP level 5. HP: 19/32 MP: 2/6
   913 | D:5      | 913 ||| Stepping ~*~*~tactically~*~*~ (stealth).
   915 | D:5      | 915 ||| Stepping ~*~*~tactically~*~*~ (stealth).
   925 | D:5      | 925 ||| Stepping ~*~*~tactically~*~*~ (stealth).
   926 | D:5      | 926 ||| INVOKING Heroism.
   930 | D:5      | 930 ||| Stepping ~*~*~tactically~*~*~ (stealth).
   932 | D:5      | HP: 4/32 [iguana (7)]
   938 | D:5      | Slain by an iguana

Levels and vault maps discovered:
D:5:      minmay_bubble_buster, layout_basic, minmay_temple_entry_junction
Temple:   dshaligram_water_room_temple

Skill      XL: |  1  2  3  4 |
---------------+-------------+-----
Axes           | 4 |  4.4
Invocations    | 1 |  1.6
Fighting       | |  3.2
Dodging        | |  1.5
Stealth        | |  5.4

Action                   |  1- 3 |  4- 6 || total
-------------------------+-------+-------++-------
Melee: Hand axe          |    16 |    32 ||    48
       Punch             |     1 |       ||     1
Invok: Heroism           |       |     4 ||     4
Armor: Leather armour    |     2 |    10 ||    12
Dodge: Dodged            |    13 |    14 ||    27

Table legend:
 A = Non-vault XP
 B = Vault XP
 C = Vault XP percentage of total XP
 D = Non-vault monster count
 E = Vault monster count
 F = Vault count percentage of total count
                 A         B        C        D         E       F
            +---------+---------+-------+---------+---------+-------
      Total |     187 |       0 |   0.0 |       3 |       0 |   0.0
            +---------+---------+-------+---------+---------+-------
        D:5 |     187 |       0 |   0.0 |       3 |       0 |   0.0
            +---------+---------+-------+---------+---------+-------
